Map: King's Cove LE

Players

ShoWTimE

  • Race: Protoss Protoss
  • Spawn Location: 11:00

Serral - Winner!

  • Race: Zerg Zerg
  • Spawn Location: 5:00

Event: 2019 WCS Summer

VOD

Have the link to the VOD?

Description

Time

  • Played on: July 14, 2019, 2:09 p.m.
  • Length: 8:49

All games in this series

Show
View Real Time Build Order
Export as new Build Order

ShoWTimE Protoss 

Build Orders: 1 Gate Expand, Oracle Opening, Phoenix Opening 

Get SALT Encoding   

  12  0:00  Probe  
  13  0:12  Probe  
  14  0:18  Pylon  
  14  0:24  Probe  
  15  0:32  Probe  
  15  0:41  Probe, Gateway  
  16  0:47  Assimilator  
  17  0:51  Probe  
  18  1:03  Probe  
  19  1:15  Probe  
  20  1:27  Nexus  
  20  1:29  Probe  
  21  1:40  Cybernetics Core  
  21  1:43  Probe  
  22  1:50  Assimilator  
  22  1:55  Pylon  
  22  1:58  Probe  
  23  2:06  Adept  
  23  2:13  Probe  
  24  2:19  Stargate  
  26  2:25  Probe  
  26  2:26  Adept  
  26  2:27  Warp Gate  
  27  2:35  Probe  
  29  2:37  Probe  
  29  2:43  Probe  
  31  2:49  Probe  
  33  2:53  Probe  
  33  2:57  Phoenix  
  34  3:01  Probe  
  34  3:05  Probe  
  38  3:12  Pylon  
  38  3:14  Probe, Oracle  
  38  3:17  Probe  
  40  3:26  Probe  
  44  3:29  Probe  
  44  3:32  Assimilator  
  45  3:34  Assimilator  
  45  3:38  Probe  
  45  3:39  Gateway  
  46  3:41  Probe  
  46  3:44  Oracle  
  47  3:50  Probe  
  47  3:54  Probe, Pylon  
  52  4:02  Probe  
  53  4:06  Probe  
  54  4:14  Probe  
  54  4:16  Pylon  
  55  4:18  Probe  
  55  4:21  Oracle  
  59  4:25  Twilight Council  
  59  4:26  Gateway  
  59  4:30  Gateway  
  59  4:42  Gateway  
  59  4:47  Robotics Facility  
  59  4:49  Resonating Glaives  
  59  4:51  Pylon  
  59  4:53  Adept x2  
  63  5:13  Adept x2  
  67  5:16  Nexus  
  67  5:17  Pylon  
  67  5:24  Adept x2  
  71  5:34  Adept x2  
  75  5:44  Immortal  
  72  5:50  Adept x3  
  82  5:58  Pylon  
  82  6:01  Adept x2  
  86  6:16  Probe x2, Sentry  
  86  6:17  Sentry x2, Pylon  
  94  6:27  Immortal  
  94  6:28  Probe x2  
  94  6:29  Probe  
  91  6:40  Probe x2  
  91  6:41  Probe  
  92  6:48  Forge  
  92  6:49  Sentry x2  
  92  6:50  Probe x2  
  92  6:51  Probe  
  99  6:54  Charge  
  99  6:58  Probe x2  
  99  6:59  Probe  
  99  7:01  Pylon  
  99  7:06  Probe x2  
  99  7:07  Probe  
  102  7:11  Warp Prism  
  107  7:15  Templar Archives  
  107  7:18  Probe x2  
  109  7:24  Probe  
  106  7:30  Assimilator  
  106  7:33  Assimilator, Gateway  
  106  7:34  Gateway  
  102  7:39  Gateway  
  102  7:40  Observer  
  102  7:41  Pylon  
  98  7:48  Probe x2  
  101  7:52  Zealot x5  
  111  8:04  Probe  
  112  8:12  Pylon  
  112  8:22  Zealot x5  
  115  8:29  Zealot x2  
  115  8:34  Zealot  
  100  8:43  Zealot x5  
Show
View Real Time Build Order
Export as new Build Order

Serral Zerg - Winner!

Build Orders: Hatch First 

Get SALT Encoding   

  12  0:00  Drone  
  13  0:12  Overlord  
  13  0:17  Drone  
  14  0:31  Drone x2  
  16  0:49  Hatchery  
  15  0:52  Drone  
  15  0:57  Drone  
  17  0:59  Drone  
  18  1:10  Extractor  
  17  1:16  Spawning Pool  
  16  1:18  Drone  
  16  1:22  Drone  
  18  1:28  Drone  
  19  1:40  Drone  
  20  1:51  Overlord  
  20  2:02  Queen x2  
  20  2:04  Zergling x4  
  26  2:11  Metabolic Boost  
  26  2:12  Drone  
  27  2:16  Drone  
  27  2:22  Drone x2  
  30  2:42  Hatchery  
  29  2:46  Overlord  
  29  2:47  Drone  
  29  2:48  Drone  
  31  2:55  Queen  
  33  2:58  Drone  
  33  3:00  Drone  
  33  3:03  Drone  
  35  3:10  Zergling x4  
  35  3:12  Drone x2  
  39  3:14  Zergling x2  
  39  3:16  Zergling x2  
  41  3:20  Overlord  
  41  3:22  Drone  
  41  3:25  Drone  
  43  3:31  Drone  
  43  3:36  Overlord  
  43  3:38  Drone, Queen  
  46  3:42  Drone x2  
  46  3:45  Drone  
  50  3:48  Drone x2  
  50  3:52  Overlord  
  51  3:57  Drone, Spore Crawler  
  51  4:02  Zergling x2  
  52  4:03  Queen  
  52  4:08  Zergling x4  
  52  4:09  Zergling x2  
  57  4:11  Zergling x2  
  57  4:13  Spore Crawler  
  57  4:16  Spore Crawler  
  56  4:17  Drone  
  56  4:20  Zergling x2  
  56  4:21  Drone  
  56  4:22  Drone  
  59  4:24  Drone  
  59  4:27  Drone x2  
  59  4:28  Drone  
  63  4:33  Lair  
  63  4:37  Overlord  
  62  4:38  Drone  
  62  4:42  Drone x2  
  64  4:47  Roach Warren  
  64  4:50  Extractor  
  64  4:51  Extractor, Overlord  
  61  4:53  Drone  
  61  4:54  Drone  
  61  4:57  Overlord  
  61  4:58  Drone  
  64  5:02  Drone x2  
  64  5:04  Drone x2  
  68  5:08  Drone x2  
  71  5:14  Drone x3  
  71  5:19  Drone  
  71  5:20  Drone x2  
  76  5:22  Extractor  
  76  5:24  Drone x2, Evolution Chamber  
  76  5:25  Drone x3, Extractor  
  78  5:31  Extractor  
  78  5:33  Spire  
  76  5:36  Drone  
  76  5:37  Drone x2  
  76  5:38  Drone x2  
  76  5:40  Drone  
  81  5:48  Drone x3  
  82  5:55  Glial Reconstitution  
  82  6:01  Roach x3  
  82  6:02  Roach  
  88  6:05  Overlord x2  
  88  6:11  Evolution Chamber  
  87  6:15  Roach  
  87  6:18  Overlord, Zerg Melee Weapons Level 1  
  89  6:22  Overlord  
  89  6:25  Overlord  
  92  6:32  Roach  
  92  6:33  Zergling x16, Roach x3  
  102  6:42  Nydus Network  
  102  6:46  Roach x2  
  98  6:54  Roach  
  98  6:55  Roach  
  98  6:59  Overseer  
  102  7:10  Roach x7  
  102  7:13  Nydus Network  
  114  7:26  Zergling x2, Roach x2  
  114  7:27  Zergling x6, Roach  
  122  7:31  Overlord  
  122  7:35  Overlord  
  119  7:38  Zergling x6  
  119  7:43  Overlord x2  
  117  7:56  Ravager, Roach x3  
  117  7:57  Roach, Ravager  
  127  8:00  Ravager x7  
  127  8:01  Roach  
  127  8:02  Zergling x14  
  143  8:09  Zergling x6  
  143  8:10  Nydus Canal  
  146  8:14  Roach x2  
  144  8:20  Zergling x4, Roach x2  
  144  8:22  Zergling x2  
  144  8:26  Nydus Canal  
  149  8:27  Zergling x2, Roach  
  149  8:30  Nydus Canal  
Tags
 
Add a new tag
Caveats
  • Supply blocks, unpowered buildings, or Contaminate may cause inaccurate times.
  • Supply counts are checked every 10 seconds.